 Dungeon Crawl Stone Soup version 0.29-a0-775-g4d7333d4e2 (webtiles) character file.

Game seed: 15325581814197245021

13612 Turgor the Zephyrmancer (level 11, -5/91 HPs)
             Began as a Yellow Draconian Air Elementalist on June 30, 2022.
             Was an Elder of Vehumet.
             Shot with an arrow by a centaur warrior (12 damage)
             ... on level 10 of the Dungeon on July 1, 2022.
             The game lasted 01:50:52 (12017 turns).

Turgor the Zephyrmancer (DrAE)                     Turns: 12017, Time: 01:50:53

Health: -5/91      AC:  7    Str: 11    XL:     11   Next: 77%
Magic:  20/32      EV: 13    Int: 20    God:    Vehumet [****..]
Gold:   128        SH:  6    Dex: 11    Spells: 8/27 levels left

rFire   . . .      SeeInvis .   I - staff of air
rCold   . . .      Faith    .   c - +1 buckler
rNeg    + . .      Spirit   .   (body armour unavailable)
rPois   .          Reflect  .   (helmet restricted)
rElec   +          Harm     .   (no cloak)
rCorr   +          Rampage  .   (no gloves)
Will    +....                   (no boots)
Stlth   +++.......              d - amulet of magic regeneration
HPRegen 0.25/turn               R - ring of the Lotus Blossom {MP+9 Slay+4}
MPRegen 0.63/turn               U - ring "Mudeycid" {Wiz rN+ Will+}

@: very slightly contaminated
A: spit acid, AC +7, unfitting armour, cold-blooded, acid resistance
a: Breathe Acid, Renounce Religion


You were on level 10 of the Dungeon.
You worshipped Vehumet.
Vehumet was greatly pleased with you.
You visited 1 branch of the dungeon, and saw 10 of its levels.
You also visited: Bailey.

You collected 673 gold pieces.
You spent 545 gold pieces at shops.

Inventory:

Hand Weapons
 e - a +2 dagger of draining
 g - a +2 short sword of distortion
 H - a +1 flail of holy wrath
 L - a +2 dagger of venom
 P - a +3 short sword of speed
 W - a +4 war axe
Missiles
 b - 30 poisoned darts
 f - 79 stones
 z - 2 curare-tipped darts (quivered)
 A - 10 atropa-tipped darts
Armour
 c - a +1 buckler (worn)
Magical Staves
 l - a staff of fire
 I - a staff of air (weapon)
Jewellery
 d - an amulet of magic regeneration (around neck)
 Q - an amulet of the acrobat
 R - the ring of the Lotus Blossom (left hand) {MP+9 Slay+4}
   (You found it on level 9 of the Dungeon)

   [ring of slaying]

   Slay:      It affects your accuracy & damage with ranged weapons and melee
   (+4).
   MP:        It affects your magic capacity (+9).
 S - a +6 ring of dexterity
 U - the ring "Mudeycid" (right hand) {Wiz rN+ Will+}
   (You found it in a bailey)

   [ring of wizardry]

   It improves your spell success rate.
   rN:        It protects you from negative energy.
   Will:      It increases your willpower.
Wands
 i - a wand of polymorph (5)
 x - a wand of flame (3)
 B - a wand of iceblast (2)
 F - a wand of digging (1)
 G - a wand of paralysis (19)
Scrolls
 h - a scroll of immolation {unknown}
 j - 2 scrolls of magic mapping
 n - a scroll of teleportation
 p - a scroll of amnesia
 r - 2 scrolls of blinking
 s - a scroll of torment
 t - 2 scrolls of fear
 v - a scroll of silence {unknown}
 w - a scroll of enchant armour
 y - 2 scrolls of enchant weapon
 C - 4 scrolls of vulnerability
 J - a scroll of fog
 M - 2 scrolls of poison {unknown}
 T - a scroll of acquirement
Potions
 a - 3 potions of magic
 k - 3 potions of curing
 m - 2 potions of resistance
 o - 3 potions of might
 q - 4 potions of mutation
 u - a potion of lignification {unknown}
 D - a potion of brilliance {unknown}
 E - 3 potions of flight
 K - 2 potions of attraction
 N - a potion of experience {unknown}
 O - a potion of invisibility {unknown}
 X - 2 potions of cancellation {unknown}
 Y - a potion of heal wounds {unknown}
Miscellaneous
 V - a condenser vane (inert)


   Skills:
 + Level 6.9 Fighting
 + Level 4.2 Throwing
 + Level 4.8 Dodging
 + Level 5.1 Stealth
 + Level 5.2 Shields
 * Level 8.8 Spellcasting
 * Level 7.7 Conjurations
 * Level 9.7 Air Magic


You had 8 spell levels left.
You knew the following spells:

 Your Spells              Type           Power      Damage    Failure   Level
a - Shock                 Conj/Air       100%       1d9       1%          1
b - Static Discharge      Conj/Air       60%        3-11/arc  1%          2
c - Airstrike             Air            32%        0-11+     1%          4
e - Frozen Ramparts       Ice            16%        1d3       3%          3
f - Olgreb's Toxic Radia  Pois           8%         N/A       11%         4
g - Lightning Bolt        Conj/Air       30%        1d47      1%          5

Your spell library contained the following spells:

 Spells                   Type           Power      Damage    Failure   Level
 Swiftness                Air            64%        N/A       1%          3
 Inner Flame              Hex/Fire       8%         N/A       3%          3
 Beastly Appendage        Tmut           16%        N/A       4%          1
 Necrotize                Necr           32%        1d5       4%          1
 Wereblood                Tmut           8%         N/A       6%          2
 Spider Form              Tmut/Pois      8%         N/A       12%         3
 Vampiric Draining        Necr           8%         2d6       12%         3
 Cause Fear               Hex            4%         N/A       36%         4
 Agony                    Necr           8%         N/A       69%         5
 Maxwell's Capacitive Co  Air            32%        ∞         69%         8
 Discord                  Hex            4%         N/A       100%        8


Dungeon Overview and Level Annotations

Branches:
Dungeon (10/15)            Temple (0/1) D:6            Lair (0/6) D:10
    Orc (0/2) D:9          Bailey (visited)

Altars:
Dithmenos
Gozag
Hepliaklqana
Makhleb
Nemelex Xobeh
Okawaru
Vehumet
Xom
Zin
Lugonu

Shops:
D:2 ***:*   D:7 (

Annotations:
D:8 2 transporters


Innate Abilities, Weirdness & Mutations

You can spit globs of acid.
Your golden yellow scales are hard. (AC +7)
You cannot fit into any form of body armour.
You are cold-blooded and may be slowed by cold attacks.
You are resistant to acid. (rCorr)


Message History

You feel your power returning.
You hear a shout! x2; You hear a bellow!
You hear a howl!
You hear a shout!
You hear an angry hiss.
A centaur warrior comes into view. It is wielding a +0 short sword.
Casting: Lightning Bolt (dangerous; 1% risk of failure)
Confirm with . or Enter, or press ? or * to list all spells.
Aiming: Airstrike (safe; 1% risk of failure)
Press: ? - help, Dir - move target, f - wraith
Aim: a wraith (severely damaged, empty space bonus: 1/8)
Okay, then.
Clouds of flame condense around you!
The condenser dries out!
The centaur warrior is engulfed in blazing flames.
The wraith is engulfed in blazing flames.
The wraith hits you!
The centaur warrior is engulfed in blazing flames.
Unknown command.
Unknown command.
Casting: Airstrike (safe; 1% risk of failure)
Confirm with . or Enter, or press ? or * to list all spells.
You miscast Olgreb's Toxic Radiance.
You are very lightly contaminated with residual magic.
You feel rather nauseous for a moment.
You are poisoned.
You feel sick.
The wraith is engulfed in blazing flames.
You destroy the wraith!
Vehumet accepts your kill.
You feel your power returning.
The centaur warrior unwields a +0 short sword.
The centaur warrior wields a +0 longbow.
The centaur warrior shoots an arrow.
The arrow hits you!!
You feel sick.
You feel better.
The centaur warrior shoots an arrow.
The arrow hits you!
You hear a bellow!
The centaur warrior shoots an arrow.
The arrow hits you!!
* * * LOW HITPOINT WARNING * * *
You hear a shout!
The centaur warrior shoots an arrow.
The arrow barely misses you.
The centaur warrior shoots an arrow.
The arrow hits you!
You die...

#...# #.#.#.###.######.#.#
#...# #...#..<..#....[...#
#...####.#..............###
###....####....##≈≈###.)#
##.)....##......#≈≈≈≈<..# ##
....#....)..#....≈≈≈≈≈≈≈##≈##
...####.†.)####..≈...≈≈≈#≈≈≈##
...####....####...#.###.≈≈≈≈≈#
.....#.......#..@<.......##≈##
##......##......#..###.### #
###....####.....#....#.#
#####.##.#..#.#.##.#.#
#..##..#§#......#
#..#####§#.###..#
#####..Kc#.#....##
#..g##.#.....# ..##) #.#######


You could see a centaur warrior, a kobold brigand and a bouda.

Vanquished Creatures
  An orc warlord (Bailey)
  A two-headed ogre (D:8)
  3 death yaks (D:10)
  Pikel (D:7)
  3 orc knights (Bailey)
  A yaktaur (D:10)
  A troll (D:10)
  A hornet (D:9)
  12 yaks (D:10)
  3 wraiths (D:10)
  A steam dragon (D:6)
  A warg (D:9)
  Menkaure (D:7)
  2 water moccasins
  11 orc warriors
  3 ice beasts
  2 sky beasts
  2 black bears
  2 ogres
  7 centaurs
  A lemure (D:7)
  2 kobold brigands
  3 bullfrogs
  6 scorpions
  4 wights (D:9)
  16 killer bees
  A howler monkey (D:6)
  6 electric eels (D:10)
  A bouda (D:6)
  3 hounds (D:5)
  3 jellies
  3 orc priests
  13 orc wizards
  An iguana (D:6)
  A hell rat (D:10)
  9 adders
  19 gnolls
  2 river rats (D:10)
  2 shadow imps
  A white imp (D:6)
  An ufetubus (D:7)
  A worm (D:2)
  5 dart slugs
  55 orcs
  5 bats
  8 endoplasms
  17 goblins
  17 hobgoblins
  4 jackals
  17 kobolds
  A quokka (D:3)
  4 ball pythons
  A frilled lizard (D:1)
  4 rats
296 creatures vanquished.

Vanquished Creatures (others)
  4 plants (D:4)
4 creatures vanquished.

Grand Total: 300 creatures vanquished

Notes
Turn   | Place    | Note
-------+----------+-------------------------------------------
     0 | D:1      | Turgor the Draconian Air Elementalist began the quest for
                  | the Orb.
     0 | D:1      | Reached XP level 1. HP: 14/14 MP: 3/3
   273 | D:1      | Reached XP level 2. HP: 20/20 MP: 1/5
   343 | D:1      | Found a faded altar of an unknown god.
   766 | D:1      | Reached XP level 3. HP: 27/27 MP: 0/6
   975 | D:2      | Found Etzaip's Book Boutique.
  1122 | D:2      | Reached skill level 1 in Fighting
  1331 | D:2      | You fall into a shaft and drop 1 floor!
  1394 | D:2      | Reached XP level 4. HP: 32/35 MP: 2/7
  1699 | D:2      | Learned a level 2 spell: Static Discharge
  1715 | D:2      | Found Ohitz's Assorted Antiques.
  1740 | D:2      | Bought a black potion for 18 gold pieces
  1740 | D:2      | Bought a black potion for 18 gold pieces
  1740 | D:2      | Bought a scroll labelled DIJYIRCHUXE for 20 gold pieces
  1740 | D:2      | Bought a scroll labelled IPRU ILEYWK for 20 gold pieces
  1792 | D:2      | Found Qanlauk's General Store.
  1882 | D:2      | Found Nemecado's General Store.
  2078 | D:2      | Found Hour's Assorted Antiques.
  2089 | D:2      | Bought a scroll labelled LAFISH ISHU for 27 gold pieces
  2089 | D:2      | Bought a green potion for 24 gold pieces
  2524 | D:3      | Reached XP level 5. HP: 40/40 MP: 4/9
  2679 | D:3      | Reached skill level 4 in Air Magic
  3202 | D:3      | Learned a level 4 spell: Airstrike
  3234 | D:4      | Found a shimmering altar of Xom.
  3310 | D:4      | Noticed a black bear
  3382 | D:4      | Killed a black bear
  3383 | D:4      | Reached XP level 6. HP: 46/48 MP: 4/11
  4363 | D:4      | Found a shadowy altar of Dithmenos.
  4398 | D:4      | Found a burning altar of Makhleb.
  4461 | D:5      | Entered Level 5 of the Dungeon
  4816 | D:5      | Found an iron altar of Okawaru.
  4829 | D:5      | Identified the +13 chain mail of a volcano {rCorr Dex-3
                  | SInv}
  4847 | D:5      | Your scales start taking on a golden yellow colour.
  4847 | D:5      | Reached XP level 7. HP: 56/56 MP: 8/13
  4847 | D:5      | Gained mutation: You are resistant to acid. (rCorr) [Yellow
                  | Draconian growth]
  4911 | D:5      | Reached skill level 5 in Air Magic
  4962 | D:5      | Reached skill level 1 in Shields
  5420 | D:5      | Reached XP level 8. HP: 62/63 MP: 9/15
  5710 | D:5      | Learned a level 3 spell: Swiftness
  5803 | D:6      | Reached skill level 5 in Conjurations
  5921 | D:6      | Reached skill level 5 in Spellcasting
  6048 | D:6      | Reached skill level 6 in Air Magic
  6078 | D:6      | Found a radiant altar of Vehumet.
  6085 | D:6      | Became a worshipper of Vehumet
  6136 | D:6      | Found a staircase to the Ecumenical Temple.
  6504 | D:6      | Found a sparkling altar of Nemelex Xobeh.
  7059 | D:7      | Reached XP level 9. HP: 72/72 MP: 16/18
  7150 | D:7      | Upgraded the game from 0.29-a0-757-g358383bc75 to
                  | 0.29-a0-775-g4d7333d4e2
  7154 | D:7      | Reached * piety under Vehumet
  7154 | D:7      | Offered knowledge of Sandblast by Vehumet.
  7196 | D:7      | Noticed Pikel
  7199 | D:7      | Killed Pikel
  7200 | D:7      | Reached skill level 1 in Throwing
  7200 | D:7      | Reached skill level 7 in Air Magic
  7264 | D:7      | Found a hazy altar of Hepliaklqana.
  7266 | D:7      | Found an opulent altar of Gozag.
  7780 | D:7      | Found Doisaxod's Weapon Emporium.
  7788 | D:7      | Noticed Menkaure
  7793 | D:7      | Killed Menkaure
  7869 | D:8      | Reached skill level 5 in Fighting
  8125 | D:8      | Noticed a two-headed ogre
  8129 | D:8      | Killed a two-headed ogre
  8130 | D:8      | Reached skill level 8 in Air Magic
  8130 | D:8      | Reached XP level 10. HP: 81/81 MP: 8/20
  8247 | D:8      | Reached ** piety under Vehumet
  8401 | D:8      | Offered knowledge of Magic Dart by Vehumet.
  8484 | D:8      | Found a transporter.
  8485 | D:8      | Noticed a purple ugly thing
  8486 | D:8      | Found a transporter.
  8486 | D:8      | Found a corrupted altar of Lugonu.
  8487 | D:8      | Noticed a purple ugly thing
  8966 | D:9      | Found a staircase to the Orcish Mines.
  9050 | D:9      | Offered knowledge of Conjure Flame by Vehumet.
  9459 | D:9      | Identified the ring of the Lotus Blossom {MP+9 Slay+4}
  9547 | D:9      | Reached *** piety under Vehumet
  9840 | D:9      | Found a glowing silver altar of Zin.
  9840 | D:9      | Noticed an angel
 10034 | D:10     | Entered Level 10 of the Dungeon
 10112 | D:10     | Found a flagged portal.
 10118 | Bailey   | Entered a bailey
 10238 | Bailey   | Offered knowledge of Frozen Ramparts by Vehumet.
 10247 | Bailey   | Learned a level 3 spell: Frozen Ramparts
 10325 | Bailey   | Noticed an orc knight
 10336 | Bailey   | Killed an orc knight
 10362 | Bailey   | Noticed an orc knight
 10365 | Bailey   | Noticed an orc warlord
 10366 | Bailey   | Reached **** piety under Vehumet
 10390 | Bailey   | Killed an orc knight
 10391 | Bailey   | Reached skill level 9 in Air Magic
 10391 | Bailey   | Reached XP level 11. HP: 89/89 MP: 23/23
 10450 | Bailey   | Noticed an orc knight
 10455 | Bailey   | Killed an orc knight
 10455 | Bailey   | Offered knowledge of Olgreb's Toxic Radiance by Vehumet.
 10474 | Bailey   | Learned a level 4 spell: Olgreb's Toxic Radiance
 10514 | Bailey   | Killed an orc warlord
 10685 | Bailey   | Identified the ring "Mudeycid" {Wiz rN+ Will+}
 11002 | D:2      | Bought a book of Lightning for 396 gold pieces
 11008 | D:2      | Learned a level 5 spell: Lightning Bolt
 11046 | D:2      | Bought a scroll of identify for 22 gold pieces
 11213 | D:10     | Noticed a death yak
 11229 | D:10     | Found a staircase to the Lair.
 11231 | D:10     | Noticed a death yak
 11237 | D:10     | Noticed a death yak
 11244 | D:10     | Killed a death yak
 11245 | D:10     | Killed a death yak
 11259 | D:10     | Killed a death yak
 11622 | D:10     | Reached skill level 5 in Shields
 11676 | D:10     | Reached skill level 5 in Stealth
 12011 | D:10     | Noticed a centaur warrior
 12017 | D:10     | Shot with an arrow by a centaur warrior

Illustrated notes

Levels and vault maps discovered:
D:1:      eino_arrival_water_star, layout_basic, ebering_ecumenical_altar_rust
D:2:      layout_basic, serial_shops, shop, shop, shop_statue,
          nicolae_shop_crystal, nicolae_shop_hallway_plus
D:3:      layout_rooms
D:4:      layout_loops_corners, mainiacjoe_overflow_two_lobes,
          mainiacjoe_overflow_cross_hatched, hangedman_decor_peaks_small
D:5:      layout_rooms, mainiacjoe_overflow_concentric_impassable,
          kennysheep_generic_room_9
D:6:      layout_loops_corners, nemelex_dance_club_becter, old_standard_altar,
          minmay_temple_entry_statues_pillars, kennysheep_generic_room_11
D:7:      layout_basic, chequers_temple_overflow_statue_of_worship,
          serial_shops, shop, uniq_pikel, uniq_menkaure
D:8:      gammafunk_corrupted_shrine, layout_basic
D:9:      layout_gridville, zin_angel, david_orc_3, serial_rivers,
          chequers_serial_rivers_room_a, chequers_serial_rivers_room_a,
          chequers_serial_rivers_small_a, chequers_serial_rivers_micro_b,
          chequers_serial_rivers_room_b, chequers_serial_rivers_micro_e,
          minmay_misc_feat_iff
D:10:     wad_guarded_room, layout_basic, dpeg_lair_monsters, enter_bailey_3

Skill      XL: |  1  2  3  4  5  6  7  8  9 10 11 |
---------------+----------------------------------+-----
Dodging        | 2 3 4 |  4.8
Stealth        | 2 3 4 5 |  5.1
Fighting       | 1 2 3 4 5 6 |  6.9
Conjurations   | 2 3 4 6 7 |  7.7
Spellcasting   | 3 4 6 7 8 |  8.8
Air Magic      | 4 5 6 8 9 |  9.7
Shields        | 1 2 3 4 5 |  5.2
Throwing       | 2 3 4 |  4.2

Action                   |  1- 3 |  4- 6 |  7- 9 | 10-12 || total
-------------------------+-------+-------+-------+-------++-------
Melee: Short sword       |    45 |    43 |     7 |     5 ||   100
       Mace              |     4 |       |       |       ||     4
       Tailslap          |     7 |     3 |     2 |     2 ||    14
       Dagger            |       |       |     8 |       ||     8
Throw: Dart              |       |     3 |       |     3 ||     6
 Cast: Shock             |    44 |   124 |   145 |   171 ||   484
       Static Discharge  |       |    12 |    27 |    32 ||    71
       Airstrike         |       |       |    20 |    83 ||   103
       Frozen Ramparts   |       |       |       |     6 ||     6
       Lightning Bolt    |       |       |       |    12 ||    12
       Olgreb's Toxic Ra |       |       |       |     1 ||     1
 Abil: Breathe Acid      |       |       |     5 |     2 ||     7
Evoke: Wand              |       |       |     4 |     3 ||     7
       Condenser vane    |       |       |       |     1 ||     1
  Use: Scroll            |       |     4 |       |    14 ||    18
       Potion            |       |       |       |     3 ||     3
 Stab: Sleeping          |     3 |       |       |       ||     3
       Paralysed         |       |       |     7 |       ||     7
Armor: Skin              |    12 |    11 |    11 |     2 ||    36
Dodge: Dodged            |    24 |    19 |    18 |    13 ||    74
Block: Buckler           |       |       |     5 |    12 ||    17

Table legend: (Time is in decaauts)
 A = Elapsed time spent in this place.
 B = Non-inter-level travel time spent in this place.
 C = Inter-level travel time spent in this place.
 D = Time resting spent in this place.
 E = Time spent auto-exploring this place.
 F = Levels seen in this place.
 G = Mean time per level.
                   A        B        C        D        E       F      G
               +--------+--------+--------+--------+--------+-----+--------+
         Total |  12011 |  11314 |    697 |   1729 |   6467 |  11 | 1091.9 |
       Dungeon |  11288 |  10591 |    697 |   1574 |   6464 |  10 | 1128.8 |
        Bailey |    723 |    723 |      0 |    155 |      3 |   1 |  723.0 |
               +--------+--------+--------+--------+--------+-----+--------+

Top non-repeatable levels by time:
     D:4: 1474 daAuts
     D:6: 1346 daAuts
     D:9: 1343 daAuts
     D:2: 1285 daAuts
     D:5: 1075 daAuts
     D:1: 1068 daAuts
     D:3: 971 daAuts
    D:10: 935 daAuts
     D:8: 894 daAuts
     D:7: 892 daAuts
  Bailey: 723 daAuts
